 Dungeon Crawl Stone Soup version 0.28-a0-313-gbc0475efdd (webtiles) character file.

Game seed: 16235851410561715177

18 siradein the Poker (level 2, -1/22 HPs)
             Began as a Demonspawn Gladiator on Sept 1, 2021.
             Slain by a gnoll (6 damage)
             ... on level 2 of the Dungeon.
             The game lasted 00:02:49 (818 turns).

siradein the Poker (Demonspawn Gladiator)            Turns: 818, Time: 00:02:49

Health: -1/22      AC:  5    Str: 14    XL:     2   Next: 51%
Magic:  2/2        EV: 11    Int:  9    God:
Gold:   50         SH:  0    Dex: 14    Spells: 1/1 levels left

rFire   . . .      SeeInvis .   a - +0 trident
rCold   . . .      Faith    .   (no shield)
rNeg    . . .      Spirit   .   e - +0 ring mail
rPois   .          Reflect  .   (helmet restricted)
rElec   .          Harm     .   (no cloak)
rCorr   .          Rampage  .   (no gloves)
Will    .....                   (no boots)
Stlth   +.........              (no amulet)
HPRegen 0.07/turn               (no ring)
MPRegen 0.08/turn               (no ring)

@: no status effects
A: horns 1
a: no special abilities


You were on level 2 of the Dungeon.
You visited 1 branch of the dungeon, and saw 2 of its levels.

You collected 50 gold pieces.

Inventory:

Hand Weapons
 a - a +0 trident (weapon)
Missiles
 d - 3 throwing nets (quivered)
Armour
 e - a +0 ring mail (worn)
Scrolls
 c - a scroll of enchant armour {unknown}
 f - a scroll of fog {unknown}
 g - a scroll of immolation {unknown}
 h - a scroll of identify {unknown}
Potions
 b - a potion of brilliance {unknown}


   Skills:
 - Level 2.0 Fighting
 + Level 3.5 Polearms
 - Level 1.7 Throwing
 - Level 2.6 Dodging


You had one spell level left.
You didn't know any spells.
Your spell library contained the following spells:

 Spells                   Type           Power      Damage    Failure   Level
 Call Canine Familiar     Summ           0%         N/A       94%         3
 Portal Projectile        Hex/Tloc       0%         N/A       94%         3
 Leda's Liquefaction      Hex/Erth       0%         N/A       100%        4


Dungeon Overview and Level Annotations

Branches:
Dungeon (1/15)

Altars:


Innate Abilities, Weirdness & Mutations

You have a pair of small horns on your head.


Message History

* * * LOW HITPOINT WARNING * * *
Your ring mail prevents you from hitting the frilled lizard.
The frilled lizard barely misses you.
You closely miss the frilled lizard.
Your headbutt misses the frilled lizard.
The frilled lizard barely misses you.
You barely miss the frilled lizard.
The frilled lizard bites you but does no damage.
You miss the frilled lizard. You headbutt the frilled lizard.
You kill the frilled lizard!
The frilled lizard closely misses you.
You hit the frilled lizard.
You kill the frilled lizard!
A gnoll comes into view. It is wielding a +0 flail.
The goblin shoots a stone.
The stone hits you.
* * * LOW HITPOINT WARNING * * *
The goblin unwields a +0 hunting sling.
The goblin wields a +0 club.
The goblin closely misses you.
You closely miss the goblin. You headbutt the goblin.
You kill the goblin!
You closely miss the kobold. The kobold hits you but does no damage.
You closely miss the kobold. The kobold completely misses you.
You closely miss the kobold. The kobold closely misses you.
You hit the kobold but do no damage. The kobold closely misses you. x2
You puncture the kobold!
You kill the kobold!
The adder barely misses you.
You hit the adder.
The adder is heavily wounded.
The gnoll hits you from afar with a +0 spear.
* * * LOW HITPOINT WARNING * * *
The adder bites you but does no damage.
You hit the adder. Your headbutt misses the adder.
The adder is severely wounded.
The gnoll barely misses you. The adder bites you but does no damage.
You closely miss the adder. Your headbutt misses the adder.
The adder is severely wounded.
The adder closely misses you.
The gnoll hits you from afar with a +0 spear.
You die...

#..# #.# #..####.###
#.........#
##.####.#(# #...#
#.#.# # #.#.###.#.#
#) #.#.....#.# #.#
#.#.###.#.# ..#
#@#.# #.#+#####
#..#S#.###........
#g#g#..##........
##.gg##†##........
.#.g#g.............
#...'..g...........
##......!..........
#g.................
#.#..........†..=...


You could see 3 gnolls, an adder and a hobgoblin.

Vanquished Creatures
  2 bats (D:2)
  An endoplasm (D:1)
  5 goblins
  3 hobgoblins
  A kobold (D:2)
  A ball python (D:2)
  3 frilled lizards
16 creatures vanquished.

Notes
Turn   | Place    | Note
-------+----------+-------------------------------------------
     0 | D:1      | siradein the Demonspawn Gladiator began the quest for the
                  | Orb.
     0 | D:1      | Reached XP level 1. HP: 16/16 MP: 1/1
   343 | D:1      | Reached skill level 3 in Polearms
   595 | D:1      | Gained mutation: You have a pair of small horns on your
                  | head. [demonic ancestry]
   595 | D:1      | Reached XP level 2. HP: 22/22 MP: 2/2
   718 | D:1      | You fall into a shaft and drop 1 floor!
   818 | D:2      | Slain by a gnoll

Illustrated notes

Levels and vault maps discovered:
D:1:      dpeg_arrival_yet_another_circle, layout_loops_ring, st_stairs_14,
          nrook_loot_triangle
D:2:      layout_basic, chequers_ecumenical_altar_grove, minmay_ruptured

Skill      XL: |  1 |
---------------+----+-----
Polearms       | 3 |  3.5
Fighting       | |  2.0
Throwing       | |  1.7
Dodging        | |  2.6

Action                   || total
-------------------------++-------
Melee: Trident           ||    58
       Headbutt          ||     3
Armor: Ring mail         ||    20
Dodge: Dodged            ||    47

Table legend: (Time is in decaauts)
 A = Elapsed time spent in this place.
 B = Non-inter-level travel time spent in this place.
 C = Inter-level travel time spent in this place.
 D = Time resting spent in this place.
 E = Time spent auto-exploring this place.
 F = Levels seen in this place.
 G = Mean time per level.
                   A        B        C        D        E       F      G
               +--------+--------+--------+--------+--------+-----+--------+
         Total |    826 |    826 |      0 |      0 |    682 |   2 |  413.0 |
       Dungeon |    826 |    826 |      0 |      0 |    682 |   2 |  413.0 |
               +--------+--------+--------+--------+--------+-----+--------+

Top non-repeatable levels by time:
     D:1: 721 daAuts
     D:2: 104 daAuts
